 Dungeon Crawl Stone Soup version 0.29-a0-857-g9b1aa3ac5b (webtiles) character file.

Game seed: 9059166365534529077

24341 jlumianski the Anamnesiscian (level 12, 0/74 HPs)
             Began as a Demonspawn Ice Elementalist on July 16, 2022.
             Was an Elder of Hepliaklqana.
             Slain by a freezing wraith (15 damage)
             ... on level 11 of the Dungeon.
             The game lasted 01:48:19 (17230 turns).

jlumianski the Anamnesiscian (DsIE)                Turns: 17230, Time: 01:48:19

Health: 0/74       AC: 25    Str: 11    XL:     12   Next: 79%
Magic:  23/25      EV: 13    Int: 24    God:    Hepliaklqana [****..]
Gold:   780        SH:  5    Dex: 17    Spells: 15/29 levels left

rFire   . . .      SeeInvis .   k - +5 hand axe "Hamysekah" {flame, Str+3}
rCold   . . .      Faith    .   (no shield)
rNeg    . . .      Spirit   .   B - +5 ring mail of Sajast {Regen+ Int+3}
rPois   .          Reflect  +   (helmet restricted)
rElec   .          Harm     .   P - +0 cloak
rCorr   .          Rampage  .   Z - +1 pair of gloves
Will    .....                   x - +2 pair of boots
Stlth   ++++......              d - amulet of reflection
HPRegen 1.02/turn               u - +4 ring of protection
MPRegen 0.19/turn               A - +4 ring of protection

@: slowed, very slow
A: reduced essence, antennae 2, thin skeletal structure 1, demonic guardian 2,
foul stench 1
a: Renounce Religion, Recall Ancestor, Ancestor Identity, Transference, Idealise


You were on level 11 of the Dungeon.
You worshipped Hepliaklqana.
Hepliaklqana was greatly pleased with you.
You visited 4 branches of the dungeon, and saw 14 of its levels.
You also visited: Bailey.

You collected 1093 gold pieces.
You spent 313 gold pieces at shops.

Inventory:

Hand Weapons
 k - the +5 hand axe "Hamysekah" (weapon) {flame, Str+3}
   (You found it on level 4 of the Dungeon)

   It burns those it strikes, dealing additional fire damage.
   Big, fiery blades are also staple armaments of hydra-hunters.
   Str:       It affects your strength (+3).
 r - a +0 sling
 D - a +1 demon whip of venom
Missiles
 c - a boomerang
 w - 8 poisoned darts (quivered)
 L - 4 curare-tipped darts
 M - 4 throwing nets
 T - 14 boomerangs of dispersal
Armour
 p - a +1 scale mail of fire resistance
 x - a +2 pair of boots (worn)
 B - the +5 ring mail of Sajast (worn) {Regen+ Int+3}
   (You acquired it in a bailey)

   Int:       It affects your intelligence (+3).
   Regen:     It increases your rate of health regeneration.
 P - a +0 cloak (worn)
 Z - a +1 pair of gloves (worn)
Jewellery
 d - an amulet of reflection (around neck)
 u - a +4 ring of protection (left hand)
 v - a ring of flight
 y - a ring of see invisible
 A - a +4 ring of protection (right hand)
Wands
 K - a wand of acid (15)
 N - a wand of digging (2)
 R - a wand of mindburst (16)
 W - a wand of charming (6)
Scrolls
 a - a scroll of fog
 f - a scroll of teleportation
 h - a scroll of poison
 s - a scroll of immolation
 z - a scroll of summoning
 H - a scroll of blinking
Potions
 b - 2 potions of magic
 e - 2 potions of cancellation
 g - 6 potions of curing
 j - 2 potions of attraction
 l - a potion of resistance
 m - a potion of might
 o - 4 potions of brilliance
 t - 2 potions of berserk rage
 I - a potion of flight
 V - a potion of haste
 Y - a potion of invisibility


   Skills:
 + Level 3.9 Fighting
 - Level 1.3 Long Blades
 + Level 5.7 Axes
 - Level 1.0 Ranged Weapons
 - Level 2.2 Throwing
 - Level 4.8 Armour
 + Level 5.7 Dodging
 * Level 6.0 Stealth
 + Level 9.4 Spellcasting
 * Level 3.3 Summonings
 - Level 3.3 Translocations
 - Level 8.3 Ice Magic
 * Level 10.0 Invocations
 * Level 7.8 Evocations


You had 15 spell levels left.
You knew the following spells:

 Your Spells              Type           Power      Damage    Failure   Level
a - Freeze                Ice            100%       1d11      1%          1
b - Frozen Ramparts       Ice            100%       1d12      1%          3
c - Ozocubu's Armour      Ice            50%        N/A       1%          3
d - Blink                 Tloc           54%        N/A       4%          2
e - Summon Forest         Summ/Tloc      13%        N/A       65%         5

Your spell library contained the following spells:

 Spells                   Type           Power      Damage    Failure   Level
 Portal Projectile        Hex/Tloc       38%        N/A       19%         3
 Hailstorm                Conj/Ice       31%        3d8       22%         4
 Tukima's Dance           Hex            11%        N/A       36%         3
 Animate Armour           Summ/Erth      38%        N/A       52%         4
 Manifold Assault         Tloc           27%        N/A       63%         5
 Summon Mana Viper        Hex/Summ       19%        N/A       86%         5
 Blade Hands              Tmut           5%         N/A       98%         5
 Summon Cactus Giant      Summ           13%        N/A       99%         6
 Iron Shot                Conj/Erth      5%         9d2       100%        6
 Storm Form               Tmut/Air       5%         N/A       100%        7


Dungeon Overview and Level Annotations

Branches:
Dungeon (11/15)            Temple (1/1) D:4            Lair (1/6) D:10
    Orc (1/2) D:10         Bailey (visited)

Altars:
Ashenzari
Cheibriados
Dithmenos
Fedhas
Gozag
Hepliaklqana
Kikubaaqudgha
Makhleb
Nemelex Xobeh
Okawaru
Qazlal
Ru
Sif Muna
Trog
Uskayaw
Vehumet
Wu Jian
Xom
Yredelemnul

Shops:
D:3 [   D:5 !?   D:8 (   D:10 [   Orc:1 [

Annotations:
D:2 Sigmund
D:8 3 runed translucent doors, bande's ghost, novice GrFi


Innate Abilities, Weirdness & Mutations

Your life essence is reduced to manifest your ancestor. (-10% HP)
You have a pair of antennae on your head.
You have a somewhat thin skeletal structure. (Dex +2, Stealth+)
A demonic guardian rushes to your aid.
You may rarely emit foul miasma when damaged in melee.


Message History

You block the yaktaur captain's attack.
Your hellwing barely misses the freezing wraith.
Your hellwing hits the freezing wraith but does no damage.
You hit the yaktaur captain. You burn the yaktaur captain.
The yaktaur captain is severely wounded.
You slash the freezing wraith! You burn the freezing wraith!
Something hits you but does no damage.
The freezing wraith hits you but does no damage.
The freezing wraith barely misses you.
Your hellwing hits the freezing wraith but does no damage.
Your hellwing closely misses the freezing wraith.
You block the yaktaur captain's attack.
Casting: Blink (safe; 4% risk of failure)
Confirm with . or Enter, or press ? or * to list all spells.
You blink.
Found 41 gold pieces.
Something barely misses you.
Tiberius barely misses the yaktaur captain.
The yaktaur captain wields a +0 arbalest.
The yaktaur captain shoots a bolt.
Reactivating autopickup.
Tiberius hits the yaktaur captain with a +0 flail!
Your hellwing hits the yaktaur captain. x2
You feel stable enough to blink again.
The yaktaur captain unwields a +0 arbalest.
The yaktaur captain closely misses your hellwing.
Tiberius hits the yaktaur captain with a +0 flail!
The yaktaur captain dies!
Your life force feels restored.
Your Stealth skill increases to level 6!
Your Invocations skill increases to level 10!
The tengu conjurer gestures at you while chanting.
The bolt of lightning hits your hellwing!!
The bolt of lightning hits Tiberius!!
The bolt of lightning misses you. The freezing wraith hits you!
The freezing wraith freezes you!
* * * LOW HITPOINT WARNING * * *
The freezing wraith barely misses you.
Your hellwing barely misses the tengu conjurer. x2
The gargoyle misses you. The freezing wraith hits you.
* * * LOW HITPOINT WARNING * * *
The freezing wraith freezes you!
You die... #.....#...8# $$$$

#....##.
#.#####'########'########{#.. #.#
#.)..#.........#...{##. #.#
#....#.........#..3.#.. #.#
#....#.........#.y..##. #.#
#....#.........#....#.. #)#
#....#.........#....#.#
#####[#####....#9W.....$.#....#..
.....)...(.....#@....Q...#R...###
###########....#.÷...4...#....# #
#####...)'.....R...'....# #
#...####################### #.###
#.##....)(........... #######.###
#.####.####...#######
..........###.####.# ##.###.....
#######...#.....##.#####.###.####
#####.....≈.≈...........#....#


You could see the friendly Tiberius the knight, a freezing wraith, a tengu
conjurer (ally target), a gargoyle and a friendly hellwing (summoned).

Vanquished Creatures
  An orc warlord (D:11)
  Josephine (D:10)
  A hydra (D:10)
  2 boulder beetles (D:11)
  2 two-headed ogres
  Erica (D:9)
  Sonja (D:11)
  An orc knight (D:10)
  A cyclops (D:11)
  2 manticores (D:11)
  An ugly thing (D:10)
  An elephant (D:10)
  A gargoyle (D:11)
  An orange demon (D:11)
  An unseen horror (D:9)
  A komodo dragon (D:10)
  A tengu conjurer (D:9)
  2 trolls
  A slime creature (D:10)
  2 hornets
  2 wyverns
  4 wraiths
  Grum (D:11)
  A steam dragon (D:8)
  3 vampire mosquitoes (D:11)
  An acid dragon (D:10)
  2 ice beasts (D:6)
  A sky beast (D:8)
  17 orc warriors
  2 ogres (D:6)
  A centaur (D:9)
  3 wolves (D:11)
  Blork the orc (D:6)
  2 kobold brigands
  2 necrophages
  3 scorpions
  3 wights (D:6)
  15 killer bees
  3 howler monkeys (D:10)
  A jelly (D:5)
  4 orc priests
  Crazy Yiuf (D:6)
  Jessica (D:2)
  3 iguanas
  Natasha (thrice) (D:2)
  3 orc wizards
  12 gnolls
  6 adders
  2 shadow imps
  2 white imps
  5 dart slugs
  60 orcs
  7 endoplasms
  3 giant cockroaches
  6 goblins
  9 hobgoblins
  3 quokkas
  10 ball pythons
  6 bats
  2 frilled lizards
  58 kobolds
  7 rats
306 creatures vanquished.

Vanquished Creatures (collateral kills)
  An orc warlord (D:10)
  A yaktaur captain (D:11)
  A hydra (D:11)
  Harold (D:11)
  A centaur warrior (D:11)
  Amaemon (D:11)
  2 manticores (D:11)
  4 slime creatures (D:10)
  A shadow (D:11)
  A wraith (D:10)
  A wyvern (D:9)
  A water moccasin (Lair:1)
  A sky beast (D:8)
  An ice beast (D:6)
  A black bear (D:10)
  7 orc warriors
  2 centaurs (D:9)
  A kobold brigand (D:6)
  A bullfrog (D:7)
  A necrophage (D:6)
  8 wights
  2 killer bees
  2 howler monkeys (D:8)
  A hound (D:7)
  4 orc priests
  An orc wizard (Orc:1)
  20 orcs
  A kobold (D:6)
70 creatures vanquished.

Vanquished Creatures (others)
  An unseen horror (D:11)
  A wraith (D:11)
  A basilisk (D:10)
  11 knights
  7 ancestors (D:6)
  8 bushes (D:11)
29 creatures vanquished.

Grand Total: 405 creatures vanquished

Notes
Turn   | Place    | Note
-------+----------+-------------------------------------------
     0 | D:1      | jlumianski the Demonspawn Ice Elementalist began the quest
                  | for the Orb.
     0 | D:1      | Reached XP level 1. HP: 13/13 MP: 3/3
   552 | D:2      | Gained mutation: You may rarely emit foul miasma when
                  | damaged in melee. [demonic ancestry]
   552 | D:2      | Reached XP level 2. HP: 17/19 MP: 1/5
  1532 | D:2      | Gained mutation: You have a pair of small antennae on your
                  | head. [demonic ancestry]
  1532 | D:2      | Reached XP level 3. HP: 24/24 MP: 4/6
  1556 | D:1      | Learned a level 3 spell: Frozen Ramparts
  1560 | D:1      | Learned a level 3 spell: Ozocubu's Armour
  1681 | D:2      | Noticed Jessica
  1697 | D:2      | Killed Jessica
  1935 | D:2      | Reached XP level 4. HP: 30/30 MP: 4/8
  2066 | D:2      | Noticed Sigmund
  2709 | D:2      | Noticed Natasha
  2769 | D:2      | Killed Natasha
  3064 | D:2      | Learned a level 2 spell: Blink
  3128 | D:2      | Noticed Natasha
  3131 | D:2      | Killed Natasha
  3132 | D:2      | Reached XP level 5. HP: 24/35 MP: 4/10
  3349 | D:2      | Noticed Natasha
  3360 | D:2      | Killed Natasha
  4772 | D:3      | Reached XP level 6. HP: 29/42 MP: 8/11
  4950 | D:3      | Reached skill level 1 in Translocations
  5030 | D:3      | Reached skill level 1 in Fighting
  5517 | D:3      | Found Doezuz's Antique Armour Boutique.
  5525 | D:3      | Bought a pair of boots for 90 gold pieces
  5525 | D:3      | Bought a runed leather armour for 100 gold pieces
  5986 | D:4      | Reached skill level 5 in Ice Magic
  6021 | D:4      | Found a staircase to the Ecumenical Temple.
  6060 | Temple   | Entered the Ecumenical Temple
  6188 | Temple   | Became a worshipper of Hepliaklqana the Forgotten
  6363 | D:5      | Entered Level 5 of the Dungeon
  6375 | D:5      | Gained mutation: You have a pair of antennae on your head.
                  | [demonic ancestry]
  6375 | D:5      | Reached XP level 7. HP: 48/48 MP: 9/13
  6830 | D:4      | Identified the +5 hand axe "Hamysekah" {flame, Str+3}
  7104 | D:5      | Found a burning altar of Makhleb.
  7104 | D:5      | Found a sacrificial altar of Ru.
  7241 | D:5      | Found Kiqeymas's Magic Scroll Emporium.
  7261 | D:5      | Bought a scroll of identify for 26 gold pieces
  7261 | D:5      | Bought a scroll of blinking for 97 gold pieces
  7631 | D:5      | Reached * piety under Hepliaklqana
  7803 | D:5      | Found Hacuacs's Distillery.
  7902 | D:6      | Found a runed translucent door.
  7903 | D:6      | Noticed Crazy Yiuf
  8410 | D:7      | Reached skill level 1 in Axes
  8410 | D:7      | Reached skill level 1 in Armour
  8459 | D:6      | Reached skill level 5 in Spellcasting
  8459 | D:6      | Gained mutation: You have a somewhat thin skeletal
                  | structure. (Dex +2, Stealth+) [demonic ancestry]
  8459 | D:6      | Reached XP level 8. HP: 28/48 MP: 10/15
  8646 | D:6      | Reached skill level 1 in Invocations
  8782 | D:6      | Reached skill level 1 in Evocations
  8800 | D:6      | Noticed Blork the orc
  8817 | D:6      | Reached skill level 2 in Invocations
  8821 | D:6      | Killed Blork the orc
  9382 | D:6      | Reached skill level 3 in Invocations
  9741 | D:6      | Killed Crazy Yiuf
  9812 | D:7      | Noticed a troll
  9840 | D:6      | Killed a troll
  9841 | D:6      | Reached XP level 9. HP: 33/54 MP: 12/17
 10072 | D:7      | Noticed a two-headed ogre
 10280 | D:6      | Killed a two-headed ogre
 10281 | D:6      | Reached skill level 4 in Invocations
 10411 | D:7      | Reached ** piety under Hepliaklqana
 10412 | D:7      | Remembered your ancestor Tiberius as a knight
 10497 | D:7      | Found an ancient bone altar of Kikubaaqudgha.
 10948 | D:7      | Reached skill level 1 in Throwing
 11619 | D:8      | Reached skill level 5 in Invocations
 12021 | D:8      | Found Tuwimol's Weapon Boutique.
 12041 | D:8      | Found a runed translucent gate.
 12049 | D:8      | Gained mutation: A weak demonic guardian rushes to your
                  | aid. [demonic ancestry]
 12049 | D:8      | Reached XP level 10. HP: 58/61 MP: 19/19
 12066 | D:8      | Found a runed translucent gate.
 12066 | D:8      | Found a runed translucent gate.
 12361 | D:8      | Paralysed by a hornet for 3 turns
 12747 | D:8      | Noticed bande's ghost (novice GrFi)
 12931 | D:9      | Reached *** piety under Hepliaklqana
 12970 | D:9      | Found a flagged portal.
 12979 | Bailey   | Entered a bailey
 13136 | Bailey   | Reached skill level 6 in Invocations
 13211 | Bailey   | Acquired the +5 ring mail of Sajast {Regen+ Int+3}
 13457 | D:9      | Noticed a two-headed ogre
 13465 | D:9      | Killed a two-headed ogre
 13530 | D:9      | Reached skill level 5 in Evocations
 13589 | D:9      | Found a bloodstained altar of Trog.
 13875 | D:9      | Reached skill level 1 in Ranged Weapons
 13998 | D:9      | Noticed Erica
 14007 | D:9      | Reached skill level 7 in Invocations
 14008 | D:9      | Killed Erica
 14009 | D:9      | Reached XP level 11. HP: 60/67 MP: 13/22
 14337 | D:10     | Entered Level 10 of the Dungeon
 14456 | D:10     | Found Byirchisu's Armour Boutique.
 14461 | D:10     | Found a staircase to the Orcish Mines.
 14555 | D:10     | Found a staircase to the Lair.
 14916 | D:10     | Noticed Josephine
 14952 | D:10     | Killed Josephine
 15098 | D:10     | Reached skill level 8 in Invocations
 15148 | D:11     | Noticed a four-headed hydra
 15148 | D:11     | Noticed a purple ugly thing
 15160 | D:10     | Killed a one-headed hydra
 15183 | D:10     | Killed a purple ugly thing
 15307 | D:11     | Reached **** piety under Hepliaklqana
 15314 | D:11     | Noticed a boulder beetle
 15322 | D:11     | Killed a boulder beetle
 15323 | D:11     | Reached skill level 1 in Long Blades
 15323 | D:11     | Reached skill level 5 in Dodging
 15330 | D:11     | Noticed a boulder beetle
 15346 | D:11     | Killed a boulder beetle
 15347 | D:11     | Reached skill level 5 in Axes
 15438 | D:11     | Noticed Sonja
 15451 | D:11     | Killed Sonja
 15487 | D:11     | Noticed Grum
 15497 | D:11     | Killed Grum
 15560 | D:11     | Noticed Amaemon
 15571 | D:11     | Killed Amaemon
 15572 | D:11     | Gained mutation: A demonic guardian rushes to your aid.
                  | [demonic ancestry]
 15572 | D:11     | Reached XP level 12. HP: 50/72 MP: 18/24
 15630 | D:11     | Reached skill level 9 in Invocations
 15927 | D:11     | Learned a level 5 spell: Summon Forest
 15997 | D:11     | Reached skill level 5 in Stealth
 15997 | D:11     | Reached skill level 1 in Summonings
 16035 | D:11     | Noticed a centaur warrior
 16043 | D:11     | Killed a centaur warrior
 16168 | D:11     | Noticed Harold
 16177 | D:11     | Killed Harold
 16299 | D:11     | Noticed a four-headed hydra
 16301 | D:11     | Noticed an orc warlord
 16304 | D:11     | Noticed a yaktaur captain
 16446 | D:11     | Killed a three-headed hydra
 16487 | D:11     | HP: 2/74 [orc warlord/+2 battleaxe of freezing (10)]
 16571 | D:11     | Killed an orc warlord
 16660 | D:11     | Noticed a storm dragon
 16674 | D:11     | Noticed a six-headed hydra
 16762 | Lair:1   | Entered Level 1 of the Lair of Beasts
 16831 | Orc:1    | Entered Level 1 of the Orcish Mines
 16837 | Orc:1    | Found Javib's Antique Armour Shop.
 16938 | Orc:1    | Noticed an orc warlord
 17100 | D:10     | Killed an orc warlord
 17229 | D:11     | Killed a yaktaur captain
 17230 | D:11     | Reached skill level 10 in Invocations
 17230 | D:11     | Slain by a freezing wraith

Illustrated notes

Levels and vault maps discovered:
D:1:      matt_arrival_refuge, layout_basic, chequers_serial_rivers_micro_b,
          chequers_serial_rivers_room_a
D:2:      kennysheep_big_flooded_room, layout_loops_corners, uniq_sigmund,
          uniq_natasha, uniq_jessica
D:3:      minmay_goblin_kobold_castle, layout_loops_cross, serial_shops,
          shop_statue, minivault_14
D:4:      layout_rooms, minmay_temple_entry_junction, serial_corexii_hall,
          chequers_hall_statues_wall_a, chequers_hall_statues_corner_a
D:5:      layout_loops_cross, gammafunk_temple_overflow_statue, serial_shops,
          shop, shop_scrolls
D:6:      layout_basic, minmay_quadrilaterals, uniq_blork_the_orc,
          uniq_crazy_yiuf_cottage
D:7:      layout_layer_cave, kiku_gazebo_garden_becter, bh_walls_and_bars
D:8:      layout_cave_pools, gammafunk_ghost_necromancy, special_room
          [special_room_orc], serial_shops, shop_coins,
          minmay_unpleasant_kobolds
D:9:      layout_gridville, mainiacjoe_overflow_boulevard, enter_bailey_6,
          hangedman_feature_mirror, uniq_erica
D:10:     layout_roguey, david_lair_generic, orc_david_3,
          corexii_hall_statues_s, uniq_josephine
D:11:     minmay_klotski, layout_loops_ring, chequers_serial_rivers_micro_d,
          uniq_grum, uniq_amaemon, uniq_harold, uniq_sonja
Temple:   hc_temple_tempest_star
Lair:1:   layout_chaotic_city, infiniplex_staircase_pool, grunt_megastairs_4
Orc:1:    layout_diamond_mine, serial_shops, shop_fountains

Skill      XL: |  1  2  3  4  5  6  7  8  9 10 11 12 |
---------------+-------------------------------------+-----
Stealth        | 2 3 4 6 |  6.0
Ice Magic      | 4 5 6 7 8 |  8.3
Dodging        | 2 3 4 5 |  5.7
Spellcasting   | 3 4 5 6 7 8 9 |  9.4
Translocations | 1 3 |  3.3
Fighting       | 1 2 3 |  3.9
Axes           | 1 2 3 4 5 |  5.7
Armour         | 1 2 3 4 |  4.8
Invocations    | 3 5 7 8 10 | 10.0
Evocations     | 2 4 5 6 7 |  7.8
Throwing       | 1 2 |  2.2
Ranged Weapons | 1 |  1.0
Long Blades    | 1 |  1.3
Summonings     | 3 |  3.3

Action                   |  1- 3 |  4- 6 |  7- 9 | 10-12 || total
-------------------------+-------+-------+-------+-------++-------
Melee: Unarmed           |     1 |       |       |       ||     1
       Dagger            |    28 |     7 |     2 |       ||    37
       Short sword       |       |   138 |     6 |       ||   144
       Punch             |       |     3 |     3 |     2 ||     8
       Hand axe          |       |       |   136 |   183 ||   319
       Scimitar          |       |       |       |     7 ||     7
 Fire: Sling             |       |       |       |     3 ||     3
Throw: Stone             |     1 |     9 |       |       ||    10
       Dart              |       |       |     8 |    26 ||    34
 Cast: Freeze            |    29 |    54 |    10 |    15 ||   108
       Frozen Ramparts   |     3 |    33 |    34 |    47 ||   117
       Ozocubu's Armour  |       |     2 |     7 |    22 ||    31
       Blink             |       |       |       |     5 ||     5
Invok: Recall Ancestor   |       |       |     3 |     1 ||     4
       Ancestor Life: Kn |       |       |     1 |       ||     1
Evoke: Wand              |       |       |       |     3 ||     3
  Use: Scroll            |       |    12 |     5 |     9 ||    26
       Potion            |       |     1 |     1 |     6 ||     8
 Stab: Sleeping          |     5 |     7 |     6 |     1 ||    19
       Distracted        |       |       |     1 |     5 ||     6
       Petrified         |       |       |       |     4 ||     4
Armor: Robe              |     6 |    48 |       |       ||    54
       Leather armour    |       |    16 |    58 |    60 ||   134
       Ring mail         |       |       |       |   142 ||   142
Dodge: Dodged            |    27 |   108 |    92 |   259 ||   486
Block: Other             |     9 |    43 |    48 |    91 ||   191
       Reflection        |       |    11 |       |     4 ||    15

Table legend: (Time is in decaauts)
 A = Elapsed time spent in this place.
 B = Non-inter-level travel time spent in this place.
 C = Inter-level travel time spent in this place.
 D = Time resting spent in this place.
 E = Time spent auto-exploring this place.
 F = Levels seen in this place.
 G = Mean time per level.
                   A        B        C        D        E       F      G
               +--------+--------+--------+--------+--------+-----+--------+
         Total |  17349 |  17040 |    309 |   2953 |   7360 |  15 | 1156.6 |
       Dungeon |  16739 |  16431 |    308 |   2844 |   7360 |  11 | 1521.7 |
        Temple |    141 |    141 |      0 |      0 |      0 |   1 |  141.0 |
          Lair |     17 |     17 |      0 |      0 |      0 |   1 |   17.0 |
  Orcish Mines |     91 |     91 |      0 |      0 |      0 |   1 |   91.0 |
        Bailey |    359 |    359 |      0 |    109 |      0 |   1 |  359.0 |
               +--------+--------+--------+--------+--------+-----+--------+

Top non-repeatable levels by time:
     D:3: 2441 daAuts
     D:6: 2432 daAuts
     D:7: 1957 daAuts
     D:2: 1802 daAuts
     D:1: 1768 daAuts
    D:11: 1427 daAuts
    D:10: 1377 daAuts
     D:9: 1080 daAuts
     D:5: 857 daAuts
     D:4: 818 daAuts
     D:8: 776 daAuts
  Bailey: 359 daAuts
  Temple: 141 daAuts
   Orc:1: 91 daAuts
  Lair:1: 17 daAuts
